Map: Prion Terraces

Players

ALIAN - Winner!

  • Race: Protoss Protoss
  • League: Silver

lesha

  • Race: Terran Terran
  • League: Silver

VOD

Have the link to the VOD?

Description

Time

  • Played on: Dec. 19, 2015, 6:48 a.m.
  • Length: 16:33
Show
View Real Time Build Order
Export as new Build Order

ALIAN Protoss - Winner!

Build Orders: Nexus First 

Get SALT Encoding   

  12  0:02  Probe (Chrono Boost)  
  13  0:13  Probe (Chrono Boost)  
  14  0:20  Pylon  
  14  0:24  Probe (Chrono Boost)  
  15  0:38  Probe (Chrono Boost)  
  16  0:48  Probe (Chrono Boost)  
  17  1:05  Nexus  
  17  1:13  Pylon  
  17  1:15  Probe (Chrono Boost)  
  18  1:26  Probe (Chrono Boost)  
  18  1:27  Gateway  
  19  1:34  Assimilator  
  19  1:39  Probe (Chrono Boost)  
  20  1:48  Gateway  
  20  1:52  Assimilator  
  20  1:56  Pylon  
  20  2:14  Cybernetics Core  
  20  2:17  Probe x2 (Chrono Boost)  
  22  2:28  Probe x2 (Chrono Boost)  
  24  2:38  Probe x2 (Chrono Boost)  
  26  2:49  Probe (Chrono Boost)  
  26  2:59  Adept (Chrono Boost)  
  26  3:01  Adept (Chrono Boost)  
  26  3:04  Warp Gate (Chrono Boost)  
  30  3:05  Probe (Chrono Boost)  
  30  3:06  Probe (Chrono Boost)  
  32  3:18  Probe (Chrono Boost)  
  32  3:19  Probe (Chrono Boost)  
  34  3:20  Stalker  
  36  3:28  Mothership Core (Chrono Boost)  
  36  3:31  Probe (Chrono Boost)  
  39  3:39  Assimilator  
  39  3:42  Probe (Chrono Boost), Assimilator  
  40  3:48  Stalker  
  42  3:56  Pylon  
  42  4:02  Stalker  
  42  4:08  Nexus  
  44  4:10  Probe x2, Assimilator  
  44  4:14  Assimilator  
  46  4:18  Stalker  
  46  4:21  Stargate  
  46  4:22  Probe  
  49  4:40  Probe x2  
  51  4:52  Probe x2  
  53  5:04  Probe x2  
  55  5:18  Oracle (Chrono Boost)  
  58  5:23  Gateway  
  58  5:26  Gateway x2  
  58  5:28  Gateway  
  56  5:31  Gateway x2  
  56  5:35  Gateway, Robotics Facility  
  56  5:37  Probe (Chrono Boost)  
  56  5:38  Probe (Chrono Boost), Gateway  
  56  5:39  Probe (Chrono Boost), Gateway  
  59  5:46  Oracle  
  59  5:48  Probe (Chrono Boost)  
  59  5:49  Probe (Chrono Boost)  
  62  5:51  Probe (Chrono Boost)  
  65  5:59  Probe (Chrono Boost)  
  65  6:03  Probe (Chrono Boost)  
  67  6:09  Robotics Facility  
  67  6:26  Stalker  
  67  6:27  Stalker x2  
  67  6:28  Stalker  
  67  6:29  Stalker  
  77  6:40  Pylon  
  77  6:43  Pylon  
  77  6:46  Pylon  
  77  6:48  Pylon  
  77  6:51  Pylon x2  
  77  6:53  Pylon x2  
  77  6:55  Pylon  
  77  6:58  Probe x2 (Chrono Boost), Pylon x2  
  77  7:00  Probe (Chrono Boost)  
  80  7:09  Probe x2 (Chrono Boost)  
  80  7:12  Probe (Chrono Boost)  
  83  7:19  Probe x2 (Chrono Boost)  
  85  7:38  Stalker x3  
  85  7:39  Stalker x4  
  96  7:52  Stalker x2  
  96  7:53  Stalker x2  
  104  8:01  Pylon  
  104  8:04  Pylon  
  104  8:05  Pylon  
  104  8:07  Void Ray  
  104  8:12  Pylon  
  104  8:13  Nexus  
  104  8:15  Pylon  
  104  8:18  Immortal (Chrono Boost)  
  104  8:19  Immortal (Chrono Boost)  
  116  8:50  Void Ray  
  120  8:57  Probe, Immortal (Chrono Boost)  
  120  8:58  Probe  
  120  8:59  Probe  
  127  9:05  Immortal (Chrono Boost)  
  127  9:08  Probe  
  132  9:11  Probe x2  
  132  9:14  Zealot x2  
  132  9:15  Zealot x4  
  146  9:18  Probe  
  146  9:23  Probe x2  
  149  9:29  Probe  
  154  9:32  Immortal (Chrono Boost), Probe  
  155  9:40  Immortal (Chrono Boost)  
  155  9:42  Probe  
  155  9:43  Probe  
  155  9:44  Probe x2  
  163  9:53  Probe  
  163  9:55  Robotics Bay  
  163  9:57  Forge  
  163  9:59  Forge  
  164  10:02  Forge  
  164  10:04  Probe  
  153  10:14  Probe  
  151  10:26  Assimilator  
  151  10:28  Assimilator  
  151  10:34  Protoss Shields Level 1 (Chrono Boost), Protoss Ground Weapons Level 1 (Chrono Boost), Protoss Ground Armor Level 1 (Chrono Boost)  
  151  10:36  Colossus x2 (Chrono Boost)  
  151  10:47  Extended Thermal Lance (Chrono Boost)  
  163  10:55  Twilight Council  
  133  11:15  Stalker x3  
  133  11:16  Stalker x3  
  133  11:17  Stalker x3  
  133  11:18  Stalker  
  145  11:29  Mothership Core  
  145  11:31  Nexus  
  115  12:11  Stalker x2  
  115  12:13  Stalker x2  
  109  12:18  Mothership Core (Chrono Boost)  
  95  12:24  Zealot x4  
  95  12:25  Zealot  
  101  12:30  Colossus x2 (Chrono Boost)  
  109  12:55  Stalker x4  
  109  12:56  Stalker x5  
  109  12:57  Stalker x2  
  123  13:23  Immortal (Chrono Boost)  
  123  13:24  Immortal (Chrono Boost)  
  131  13:28  Robotics Facility  
  131  13:29  Zealot x5  
  131  13:30  Zealot x3  
  131  13:31  Zealot x2  
  131  13:33  Nexus  
  151  13:35  Stalker  
  153  13:44  Protoss Shields Level 2 (Chrono Boost)  
  153  13:47  Assimilator  
  153  13:49  Protoss Ground Weapons Level 2 (Chrono Boost)  
  153  13:52  Protoss Ground Armor Level 2 (Chrono Boost), Dark Shrine, Assimilator  
  153  14:03  Assimilator  
  153  14:04  Immortal, Assimilator  
  153  14:05  Colossus  
  153  14:09  Pylon  
  163  14:15  Templar Archives  
  163  14:22  Colossus  
  166  14:41  Psionic Storm  
  149  15:19  Mothership Core  
  149  15:28  Stalker x5  
  141  15:29  Stalker x6  
  137  15:40  Probe x2  
  137  15:41  Probe x2  
  137  15:50  Probe x2  
  137  15:53  Probe x2  
  141  15:58  Twilight Council  
  141  16:01  Probe  
  142  16:05  Probe  
  142  16:09  High Templar x4  
  142  16:10  High Templar x4  
  142  16:11  High Templar x3  
  163  16:16  Archon  
  163  16:17  Archon x3  
  163  16:18  Archon  
Show
View Real Time Build Order
Export as new Build Order

lesha Terran 

Build Orders: Reaper Expand, MMM Bio 

Get SALT Encoding   

  12  0:01  SCV  
  13  0:14  SCV  
  14  0:18  Supply Depot  
  14  0:26  SCV  
  15  0:40  SCV  
  15  0:41  Barracks  
  16  0:51  Refinery  
  16  0:52  SCV  
  17  1:07  SCV  
  18  1:19  SCV  
  19  1:32  Orbital Command  
  19  1:37  Reaper  
  20  1:43  Command Center  
  20  1:50  Refinery  
  20  2:01  SCV  
  21  2:11  Supply Depot  
  21  2:13  SCV  
  22  2:16  Marine  
  23  2:32  SCV  
  23  2:33  Factory  
  24  2:40  Marine  
  25  2:44  SCV  
  26  3:10  Marine  
  27  3:15  SCV  
  29  3:24  Bunker  
  29  3:28  Orbital Command  
  29  3:32  SCV  
  29  3:33  Factory Tech Lab  
  29  3:40  Starport  
  29  3:44  SCV  
  29  3:45  Barracks  
  29  3:46  Barracks  
  30  3:55  SCV  
  31  3:56  SCV  
  32  4:07  SCV, Siege Tank  
  32  4:08  SCV  
  32  4:09  Barracks Reactor  
  37  4:23  SCV x2  
  39  4:30  Supply Depot x2  
  39  4:31  Starport Reactor  
  39  4:33  Supply Depot  
  39  4:35  SCV x2  
  39  4:36  Barracks Reactor x2  
  41  4:45  Engineering Bay  
  41  4:47  Engineering Bay  
  41  4:55  Marine x2  
  41  4:57  Siege Tank  
  44  5:22  SCV x2  
  44  5:28  Marine x3  
  47  5:29  Marine  
  47  5:34  SCV x2  
  51  5:46  SCV, Marine  
  51  5:49  Medivac  
  55  5:50  Medivac  
  55  5:51  Marine x3  
  55  5:52  Marauder  
  55  5:55  Stimpack  
  62  6:03  Marine  
  63  6:09  Marine x3  
  66  6:14  Marauder  
  67  6:21  Marine  
  67  6:24  SCV x2  
  70  6:29  Terran Infantry Weapons Level 1  
  70  6:30  Terran Infantry Armor Level 1  
  70  6:39  Supply Depot x2  
  70  6:40  Supply Depot  
  70  6:41  Supply Depot  
  70  7:00  SCV x2, Marine x5  
  77  7:03  Command Center  
  77  7:08  Barracks  
  77  7:10  Armory, Barracks  
  77  7:12  SCV x2, Barracks  
  73  7:18  Marine x5  
  75  7:24  SCV x2  
  74  7:32  Missile Turret  
  74  7:35  Marine  
  74  7:36  Marine x2  
  74  7:37  Medivac x2  
  69  7:55  Missile Turret  
  69  8:00  Marine x2  
  69  8:01  Marine x2  
  69  8:02  Marauder  
  69  8:04  Barracks Reactor x2  
  75  8:10  Command Center  
  75  8:13  SCV x2  
  77  8:23  Missile Turret  
  77  8:25  SCV  
  78  8:27  Terran Infantry Weapons Level 2  
  78  8:32  Refinery  
  77  8:34  Refinery  
  75  8:51  Missile Turret  
  75  8:54  Missile Turret  
  75  8:56  Missile Turret  
  75  8:57  Marine x4  
  75  8:58  Marine  
  75  9:00  Barracks Reactor  
  75  9:02  Combat Shields  
  80  9:15  SCV x2  
  80  9:16  SCV  
  83  9:24  Orbital Command  
  83  9:27  SCV  
  83  9:30  Marine x5  
  89  9:34  Marine  
  90  9:44  SCV x2  
  90  9:45  SCV  
  93  9:52  Marine x5  
  97  9:56  SCV x2  
  97  9:57  SCV  
  99  10:17  Missile Turret  
  99  10:26  Marine x7  
  99  10:27  Marauder, Marine x2  
  99  10:28  Marine  
  111  10:37  SCV  
  111  10:38  SCV x3  
  115  10:43  Marine x2  
  115  10:44  Marine x2  
  115  10:49  SCV, Marauder  
  113  11:08  Marine  
  113  11:09  Marine x8  
  113  11:10  Marine x2  
  91  11:25  Medivac x2  
  93  11:26  Marine x3  
  93  11:27  SCV x4, Marine x4  
  106  11:39  SCV x3  
  110  11:40  SCV  
  110  11:46  Marine x5  
  115  11:47  Marine x5  
  115  11:49  Marauder  
  122  11:55  Medivac  
  123  12:04  Marine x6  
  123  12:05  Marine x3  
  115  12:11  Marauder  
  105  12:19  Marine  
  105  12:22  Marine x4  
  94  12:32  Marine x4  
  94  12:33  Marine x2  
  94  12:35  Medivac x2  
  101  12:37  Marine  
  101  12:39  Marine  
  101  12:40  Marine x3  
  106  12:50  Barracks, Marine x5  
  111  12:51  Terran Infantry Weapons Level 3  
  111  12:52  Barracks  
  111  12:53  Barracks  
  111  12:55  Supply Depot  
  111  13:05  Medivac x2  
  114  13:10  SCV  
  114  13:11  SCV x3  
  115  13:23  SCV x3, Marine x2  
  115  13:24  Marine x4  
  115  13:25  Marine x4, Marauder  
  130  13:35  Supply Depot  
  130  13:36  Supply Depot  
  130  13:37  Terran Infantry Armor Level 2  
  130  13:40  Barracks  
  130  13:41  Marine x3  
  130  13:42  Marine x3  
  130  13:43  Medivac, Marine x2  
  140  13:57  Marauder, Marine x2  
  140  13:59  Supply Depot, Marine x3  
  140  14:02  Marine x7  
  153  14:03  Marine  
  155  14:15  Marine  
  156  14:20  Medivac, Marine x2  
  146  14:47  Marine  
  146  14:48  Marine x4  
  146  14:49  Marauder  
  146  14:50  Marine x7  
  146  14:51  Marine  
  155  15:05  Marine x2  
  151  15:10  Marauder  
  151  15:13  Marine  
  151  15:14  Marine x8  
  149  15:15  Marine x2  
  149  15:17  Medivac x2  
  157  15:32  Marauder  
  131  15:49  Marine x6  
  136  15:50  Marine x6  
  136  15:51  Marine  
  136  15:52  Medivac  
  136  15:53  Marauder  
  148  16:05  Barracks Reactor  
  148  16:14  Marine x6  
  148  16:15  Marine  
Tags
 
Add a new tag
Caveats
  • Supply blocks, unpowered buildings, or Contaminate may cause inaccurate times.
  • Supply counts are checked every 10 seconds.